 Dungeon Sprint DCSS version 0.16-a0-1183-g5b05a17 (webtiles) character file.

1524 Ololoev the Grappler (level 8, -11/69 (70) HPs)
             Began as a Troll Hunter on Oct 10, 2014.
             Mangled by a skeletal warrior
             ... wielding a +2 dire flail of protection
              (31 damage)
             ... in the Dungeon (Sprint II: "The Violet Keep of Menkaure").
             The game lasted 00:05:29 (485 turns).

Ololoev the Grappler (Troll Hunter)                  Turns: 485, Time: 00:05:29

HP:   -11/69 (70)   AC:  5    Str: 23      XL:     8   Next: 54%
MP:   3/3           EV:  9    Int:  2 (7)  God:
Gold: 711           SH:  0    Dex: 10      Spells: 0 memorised, 7 levels left

rFire  . . .     SeeInvis .       - Unarmed
rCold  . . .     Clarity  .     d - +0 animal skin (curse)
rNeg   . . .     SustAb   .     (shield restricted)
rPois  .         Gourm    +     (helmet restricted)
rElec  .         Spirit   .     (no cloak)
rCorr  .         Warding  .     (gloves unavailable)
rMut   .         NoTele   +     (boots unavailable)
MR     .....                    (no amulet)
Stlth  +.........               (no ring)
                                (no ring)

@: not resistant to hostile enchantments, very unstealthy
A: unfitting armour, claws 3, fast metabolism 3, gourmand, regeneration 2,
saprovore 2, shaggy fur 1, tough skin 2
a: no special abilities


You were in the Dungeon.
You were full.

You visited 1 branch You collected 972 gold pieces.
You spent 261 gold pieces at shops.

Inventory:

Armour
 d - a cursed +0 animal skin (worn)
Comestibles
 a - 3 meat rations
Scrolls
 j - 2 scrolls of blinking
Potions
 e - a potion of curing
 f - 4 potions of heal wounds
 g - a potion of haste
 h - 2 potions of magic
 i - a potion of berserk rage
 k - a potion of agility


   Skills:
 - Level 1.5 Fighting
 + Level 10.8 Throwing
 - Level 1.5 Dodging
 - Level 0.4 Stealth
 * Level 14.9 Unarmed Combat


You had 7 spell levels left.
You didn't know any spells.

Dungeon Overview and Level Annotations

Branches:
Dungeon (1/1)

Altars:

Shops:
D :?!![[=*%=(}*:([

Annotations:
D exclusion: oklob plant, Kirke


Innate Abilities, Weirdness & Mutations

You are too large for most types of armour.
You have claws for hands.
Your metabolism is lightning-fast.
You like to eat raw meat.
You heal very quickly.
You can eat rotten meat.
You are covered in fur (AC +1).
You have very tough skin (AC +2).


Message History

You mangle the skeletal warrior!!
The skeletal warrior is heavily damaged.
You barely miss the skeletal warrior.
The skeletal warrior is heavily damaged.
The skeletal warrior closely misses you.
You mangle the skeletal warrior!!
The skeletal warrior is almost destroyed.
You claw the skeletal warrior!
The skeletal warrior is almost destroyed.
The skeletal warrior barely misses you.
You closely miss the skeletal warrior.
The skeletal warrior is almost destroyed.
The skeletal warrior hits you with a runed dire flail!
* * * LOW HITPOINT WARNING * * *
You scratch the skeletal warrior but do no damage.
The skeletal warrior is almost destroyed.
You closely miss the skeletal warrior.
The skeletal warrior is almost destroyed.
The skeletal warrior hits you with a runed dire flail!!
You die...

##§§§§≈§≈## #≈≈§§§§§§§#
+≈≈§≈§§≈§§≈§# . ###≈≈;;;;;≈≈
.c.≈## §;;;≈
###########Yc#+++#+++##
##########(≈z..K.c....#
#.....∩.∩#≈≈≈≈.##z##..#
#....∩.∩.#≈≈≈≈##@####.####
#...∩.∩..#≈≈≈≈#.##..#....#
#..∩.∩...#≈≈####...####..##
#.⌠.∩....#≈##.###'###.##..#
#..∩.∩...#≈#%..##.##...#..#
#...∩.∩..'≈'##.'.<.'###'..#
#....∩.∩.#≈#.####.##...#...§#
▓▓▓▓▓▓▓###≈##.###'###.##......≈≈
#Haa######≈≈####...####≈≈.§...≈#


You could see a yaktaur captain, a skeletal warrior and 4 electric eels.

Vanquished Creatures
  A kobold demonologist (D)
  A baby alligator (D)
  A boulder beetle (D)
  A blink frog (D)
  Menkaure (D)
  4 necrophages (D)
  4 brain worms (D)
  A crocodile (D)
  3 worms (D)
17 creatures vanquished.

Vanquished Creatures (others)
  A boulder beetle (D)
1 creature vanquished.

Grand Total: 18 creatures vanquished

Notes
Turn   | Place    | Note
--------------------------------------------------------------
     0 | D        | Ololoev, the Troll Hunter, began the quest for the Orb.
     0 | D        | Reached XP level 1. HP: 19/19 MP: 1/1
     1 | D        | Noticed a brain worm
     1 | D        | Noticed a brain worm
     1 | D        | Noticed a brain worm
     1 | D        | Noticed a brain worm
     4 | D        | Killed a brain worm
     4 | D        | Reached skill level 5 in Throwing
     4 | D        | Reached skill level 6 in Unarmed Combat
     4 | D        | Reached XP level 2. HP: 27/27 MP: 1/1
     4 | D        | Reached XP level 3. HP: 33/33 MP: 2/2
     4 | D        | Reached XP level 4. HP: 41/41 MP: 2/2
     5 | D        | Killed a brain worm
     5 | D        | Reached skill level 8 in Unarmed Combat
     9 | D        | Killed a brain worm
     9 | D        | Reached skill level 9 in Unarmed Combat
     9 | D        | Reached XP level 5. HP: 46/48 MP: 2/2
    14 | D        | Killed a brain worm
    14 | D        | Reached skill level 10 in Unarmed Combat
    22 | D        | Noticed a boulder beetle
    22 | D        | Noticed a boulder beetle
    25 | D        | Noticed a necrophage
    25 | D        | Noticed a necrophage
    25 | D        | Noticed a necrophage
    25 | D        | Noticed a necrophage
    28 | D        | Killed a necrophage
    28 | D        | Reached skill level 11 in Unarmed Combat
    28 | D        | Reached XP level 6. HP: 52/55 MP: 3/3
    33 | D        | Killed a necrophage
    41 | D        | Killed a necrophage
    41 | D        | Reached skill level 12 in Unarmed Combat
    45 | D        | Killed a necrophage
    45 | D        | Reached XP level 7. HP: 47/61 MP: 3/3
    82 | D        | Found Jygum Yfu's Antique Weapon Emporium.
    83 | D        | Found Boceadgh's Jewellery Shoppe.
    83 | D        | Found Chots' Food Emporium.
    83 | D        | Found Ovuog's Distillery.
    83 | D        | Found Schoteho's Antique Armour Shoppe.
    83 | D        | Found Psutzu's Assorted Antiques.
    83 | D        | Found Obiasa's Gadget Shoppe.
    83 | D        | Found Guwet's Distillery.
    83 | D        | Found Viyhey's Book Shoppe.
    83 | D        | Found Shyekywn's Jewellery Emporium.
    83 | D        | Found Puqan's Antique Armour Shoppe.
    83 | D        | Found Sionuoda's Antique Weapon Emporium.
    98 | D        | Found Huseloh's Magic Scroll Emporium.
    98 | D        | Noticed a griffon
    99 | D        | Noticed a baby alligator
    99 | D        | Found Pluonlia's General Store.
    99 | D        | Found Ehojuiruacs' Armour Emporium.
    99 | D        | Noticed a soldier ant
   107 | D        | Killed a baby alligator
   107 | D        | Reached skill level 13 in Unarmed Combat
   134 | D        | Noticed a griffon
   135 | D        | Noticed a crocodile
   136 | D        | Noticed a soldier ant
   140 | D        | Killed a crocodile
   154 | D        | Noticed a blink frog
   171 | D        | Killed a blink frog
   171 | D        | Reached skill level 10 in Throwing
   171 | D        | Reached XP level 8. HP: 14/69 MP: 3/3
   193 | D        | Noticed a griffon
   206 | D        | Noticed Menkaure
   210 | D        | Killed Menkaure
   210 | D        | Reached skill level 14 in Unarmed Combat
   296 | D        | Noticed a soldier ant
   326 | D        | Noticed an ice dragon
   327 | D        | Bought a potion of curing for 28 gold pieces
   327 | D        | Bought a potion of heal wounds for 42 gold pieces
   327 | D        | Bought a potion of heal wounds for 42 gold pieces
   327 | D        | Bought a potion of heal wounds for 42 gold pieces
   332 | D        | Noticed an oklob plant
   333 | D        | Bought a scroll of blinking for 75 gold pieces
   334 | D        | Found Skueb's Book Shoppe.
   336 | D        | Bought a potion of agility for 32 gold pieces
   422 | D        | Killed a boulder beetle
   435 | D        | Killed a boulder beetle
   460 | D        | Noticed an electric eel
   460 | D        | Noticed an electric eel
   460 | D        | Noticed an electric eel
   460 | D        | Noticed an electric eel
   461 | D        | Noticed an electric eel
   461 | D        | Noticed an electric eel
   463 | D        | Noticed an electric eel
   463 | D        | Noticed an electric eel
   464 | D        | Noticed Kirke
   464 | D        | Noticed a yaktaur captain
   464 | D        | Noticed a kobold demonologist
   469 | D        | Noticed a skeletal warrior
   472 | D        | Noticed an elephant
   475 | D        | Killed a kobold demonologist
   485 | D        | Mangled by a skeletal warrior

Action                   |  1- 3 |  4- 6 |  7- 9 || total
-------------------------+-------+-------+-------++-------
Melee: Unarmed           |       |    27 |    43 ||    70
Throw: Large rock        |     3 |     2 |    16 ||    21
       Throwing net      |       |       |     3 ||     3
  Use: Potion            |       |       |     1 ||     1
 Stab: Held in net/web   |       |       |     2 ||     2
  Eat: Chunk             |       |       |     6 ||     6
